Test, neutral female human Valkyrie --- --- ----.--- --.--- |......| --- -------- |....-- |..|...--- |..- --.--...| |.....-- --.|.....| . |...- -----|.......-- ---.....| |.....).---- ..--....-- ---...--.%@.....---.......| --..........| |.. -......>| |..........g........-.....| --- ---- |.......^..-- --..| --.....-- --........................| --.---..-----........-- |...| |.....| |...........----........- |.............%).....--- ---..-- |.....| -.........- |...---.|.-- --.^----...------.---...| |....| ---...--- .........|--.--- --- |...| |.....- --- |...---.--.| |......| |.......|...| ---.--- -.....- --)..<.||.| ---....|.--- --.......--- --...| -.....--- |).[.-||.| |.....-|...|----- |.......| |....| --...%... ---.....||.|---.--- ---.|....-----.....---- |....| --.[..............||.--...| --................|..| ---.-- ---.........[....---|....--- |.........----.- -...| --- --...........)...-- ---.%| --..---.)---------.--- |...........--.--- |..| ---- --...........| |.--..|.--..| - ---- ------------- ------------- Test the Fighter Experience level: 8 Strength: 18/01 Dexterity: 13 Constitution: 17 Intelligence: 10 Wisdom: 10 Charisma: 9 Health: 0(75) Energy: 23(23) Def: 11 Gold: 555 Moves: 3268 Dungeon seed: 4ONh_xzfrfX4dgTl Game ID: Test_1450054424 Your Inventory: Coins $ - 555 gold pieces Weapons a - a blessed +1 long sword (weapon in hand) b - a +0 dagger d - 8 +0 daggers h - a blessed +0 bow x - 41 +0 arrows A - a +0 silver saber Armor e - a blessed +3 small shield (being worn) q - an uncursed +0 scale mail (being worn) s - an uncursed +0 pair of iron shoes (being worn) N - a blessed +0 orcish helm (being worn) Y - an uncursed +0 dwarvish cloak (being worn) Comestibles i - 2 uncursed cram rations L - an uncursed food ration Scrolls u - a cursed scroll of gold detection F - a blessed scroll of teleportation K - an uncursed scroll of enchant weapon R - an uncursed scroll of fire T - 3 uncursed scrolls of teleportation Potions C - an uncursed potion of sleeping P - 2 potions of holy water Z - an uncursed potion of gain ability Rings f - an uncursed ring of teleport control Wands v - a wand of striking (0:6) B - a wand of magic missile (0:5) V - a wand of speed monster (0:3) Tools m - an uncursed bag of holding w - an uncursed tin whistle G - 2 cursed tallow candles (0:200) J - a blessed partly used wax candle (lit) (0:128) Contents of the bag of holding: a cursed -1 dagger an uncursed potion of water an uncursed blindfold an uncursed oil lamp (0:0) an uncursed sack 24 uncursed tallow candles (0:200) an uncursed towel an uncursed wax candle (0:400) Contents of the sack: an uncursed citrine stone an uncursed fluorite stone an uncursed jasper stone an uncursed worthless piece of blue glass 2 uncursed worthless pieces of green glass an uncursed worthless piece of orange glass an uncursed worthless piece of red glass 3 uncursed worthless pieces of violet glass 2 uncursed worthless pieces of white glass 2 uncursed worthless pieces of yellow glass Spells and supernatural/magical abilities: Name Level Category Fail Memory W - pray for help -- divine ? -- Your skills at the end: Fighting Skills Weapon Skills dagger [Basic] long sword [Skilled] saber [Basic] Spellcasting Skills Final Attributes: You were piously aligned. You were cold resistant. You were stealthy. You were fast. You are dead. Vanquished creatures: a large mimic a giant spider a gnome king a Green-elf a raven a human zombie a bugbear 8 Mordor orcs 9 Uruk-hai a rock mole a pony a violet fungus 8 gnome lords 5 gnomish wizards a giant ant a little dog a floating eye a kitten 14 dwarves an iguana 2 hobbits 2 hobgoblins 4 giant rats a green mold 43 gnomes a gnome zombie 3 geckos a jackal 2 foxes 2 kobolds 4 goblins 2 sewer rats 4 grid bugs a bat 2 lichens 4 newts 137 creatures vanquished. Voluntary challenges: You used a wielded weapon 201 times, starting on turn 137. You read items or engraved 2 times, starting on turn 1812. You never genocided any monsters. You never polymorphed an object. You never changed form. You used no wishes. You never split a pudding. You never wrote Elbereth's name. You never violated your personal moral code. Dungeon overview: The Dungeons of Doom: levels 1 to 2 Level 1 a long staircase Level 2 a fountain stairs to The Gnomish Mines The Gnomish Mines: levels 3 to 8 Level 3 stairs to The Dungeons of Doom Level 4 Level 5 many shops, a temple to Odin, some fountains Level 6 Level 7 Level 8 <- You were here History has recorded: On T:1 you entered the Dungeons of Doom to retrieve the Amulet of Yendor! On T:490 you reached level 2 of The Dungeons of Doom. On T:663 you advanced to experience level 2. On T:741 you reached level 1 of The Gnomish Mines. On T:779 you advanced to experience level 3. On T:816 you advanced to experience level 4. On T:1045 you advanced to experience level 5. On T:1136 you reached level 2 of The Gnomish Mines. On T:1451 you advanced to experience level 6. On T:1649 you reached level 3 of The Gnomish Mines. On T:2077 you advanced to experience level 7. On T:2317 you reached level 4 of The Gnomish Mines. On T:2635 you reached level 5 of The Gnomish Mines. On T:2948 you reached level 6 of The Gnomish Mines. On T:3132 you advanced to experience level 8. Score breakdown: Gold: 555 ( 9337 points) Experience: 8 levels (14739 points) Exploration: 8 levels ( 16.00%) (11338 points) Discoveries: 11 items ( 4.47%) ( 6343 points) Valuables value: (no points given unless you survive) Artifact value: 0 ( 0 points) Variety of kills: 36 monsters ( 9.45%) ( 9221 points) Turncount: 3268 turns ( -726 points) Survival: died (score multiplied by 80%) Total score: 40201 Latest messages: You put an uncursed oil lamp (0:0) into the bag. Your movements are now unencumbered. You put 2 green gems into the sack. You sold an uncursed +0 orcish helm for 5 gold pieces. You drop an uncursed orcish cloak. You sold an uncursed orcish cloak for 20 gold pieces. You drop an uncursed pair of iron shoes. You sold an uncursed pair of iron shoes for 8 gold pieces. You drop an uncursed Uruk-hai shield. You sold an uncursed Uruk-hai shield for 3 gold pieces. You drop an uncursed pair of iron shoes. You sold an uncursed pair of iron shoes for 8 gold pieces. You drop an uncursed pair of iron shoes. You sold an uncursed pair of iron shoes for 8 gold pieces. You drop an uncursed orcish shield. You sold an uncursed orcish shield for 3 gold pieces. Your movements are now unencumbered. You miss the gargoyle. The gargoyle hits! You die... Final status: Farvel Test the Valkyrie, killed by a gargoyle... You died in The Gnomish Mines on dungeon level 8 with 40201 points, and 555 pieces of gold, after 3268 moves. You were level 8 with a maximum of 75 hit points when you died.